 Dungeon Crawl Stone Soup version 0.24.0-13-gcf9b319 (webtiles) character file.

Game seed: 7331322879272113571, levelgen mode: deterministic

38 Fang the Skirmisher (level 3, -1/24 HPs)
             Began as a Gargoyle Berserker on Nov 15, 2019.
             Was a Believer of Trog.
             Slain by a worm (9 damage)
             ... on level 2 of the Dungeon.
             The game lasted 00:01:31 (1442 turns).

Fang the Skirmisher (Gargoyle Berserker)            Turns: 1442, Time: 00:01:32

Health: -1/24      AC:  5    Str: 21    XL:     3   Next: 43%
Magic:  3/3        EV: 12    Int:  7    God:    Trog [**....]
Gold:   42         SH:  0    Dex:  9    Spells: 2/2 levels left

rFire    . . .     SeeInvis .   a - +0 hand axe
rCold    . . .     Gourm    .   (no shield)
rNeg     + . .     Faith    .   b - +0 animal skin
rPois    ∞         Spirit   .   (no helmet)
rElec    +         Reflect  .   (no cloak)
rCorr    .         Harm     .   (no gloves)
MR       .....                  (no boots)
Stlth    +.........             l - amulet of inaccuracy (curse)
HPRegen  0.08/turn              d - ring of flight
MPRegen  0.08/turn              (no ring)

@: no status effects
A: negative energy resistance 1, electricity resistance, unbreathing,
petrification resistance, rot immunity, AC +3
a: Berserk, Trog's Hand, Renounce Religion, Evoke Flight


You were on level 2 of the Dungeon.
You worshipped Trog.
Trog was pleased with you.
You were not hungry.

You visited 1 branch of the dungeon, and saw 2 of its levels.

You collected 42 gold pieces.

Inventory:

Hand Weapons
 a - a +0 hand axe (weapon)
Armour
 b - a +0 animal skin (worn)
Jewellery
 d - a ring of flight (left hand)
 l - a cursed amulet of inaccuracy (around neck)
Scrolls
 g - 4 scrolls of identify {unknown}
 j - 2 scrolls of fog {unknown}
 k - 3 scrolls of remove curse {unknown}
 m - a scroll of noise {unknown}
Potions
 e - 2 potions of heal wounds {unknown}
 h - 2 potions of brilliance {unknown}
 i - a potion of curing {unknown}
 n - a potion of lignification {unknown}
Comestibles
 c - 2 rations
 f - 3 chunks of flesh


   Skills:
 + Level 3.7 Fighting
 + Level 3.0 Axes
 + Level 2.7 Armour
 + Level 2.0 Dodging


You had 2 spell levels left.
You didn't know any spells.
Your spell library was empty.

Dungeon Overview and Level Annotations

Branches:
Dungeon (2/15)

Altars:


Innate Abilities, Weirdness & Mutations

You are resistant to torment.
Your stone body is resilient. (AC +3)
You are immune to poison.
You resist negative energy. (rN+)
You are resistant to electric shocks. (rElec)
You can survive without breathing.
You are immune to petrification.
You are immune to rotting.


Message History

The worm is severely wounded.
The worm bites you.
You are too injured to fight recklessly!
You are too injured to fight recklessly!
You are too injured to fight recklessly!
You are too injured to fight recklessly!
You are too injured to fight recklessly!
You are too injured to fight recklessly!
You are too injured to fight recklessly!
You are too injured to fight recklessly!
You are too injured to fight recklessly!
You barely miss the worm.
The worm is heavily wounded.
The worm closely misses you.
You barely miss the worm.
The worm is heavily wounded.
You hit the worm but do no damage.
The worm is heavily wounded.
The worm bites you!
You die...

#.........#
#.......#
########+##
#######.#
#######.#
#.....<.#
#.#######
#.# #.#
###+######.#
#.....w@...#
#..........#
#..........#
+..........#
#.......?..#
#..........#
#....^....$#
#..........#


You could see a worm.

Vanquished Creatures
  An ooze (D:1)
  A dart slug (D:1)
  3 leopard geckos
  A ball python (D:2)
  2 giant cockroaches
  4 goblins (D:1)
  4 jackals (D:1)
  4 bats (D:1)
  2 kobolds (D:1)
  6 rats
28 creatures vanquished.

Notes
Turn   | Place    | Note
-------+----------+-------------------------------------------
     0 | D:1      | Fang the Gargoyle Berserker began the quest for the Orb.
     0 | D:1      | Reached XP level 1. HP: 14/14 MP: 1/1
    74 | D:1      | Reached XP level 2. HP: 17/19 MP: 2/2
   803 | D:1      | Reached XP level 3. HP: 22/23 MP: 3/3
   837 | D:1      | Reached ** piety under Trog
  1442 | D:2      | Slain by a worm

Levels and vault maps discovered:
D:1:      mrwooster_arrival_statue, layout_loops_cross
D:2:      layout_basic, uniq_sigmund

Skill      XL: |  1  2  3 |
---------------+----------+-----
Axes           | 3 |  3.0
Dodging        | 2 |  2.0
Fighting       | |  3.7
Armour         | |  2.7

Action                   || total
-------------------------++-------
Melee: Hand axe          ||   116
  Eat: Chunk             ||     2
Armor: Animal skin       ||    41
Dodge: Dodged            ||    74
